 Dungeon Crawl Stone Soup version 0.30-a0-172-gc5509c9e31 (webtiles) character file.

Game seed: 14707457835364684780

58 KennySheep the Sneak (level 3, -1/29 HPs)
             Began as a Vampire Delver on Oct 1, 2022.
             Was a Follower of Kikubaaqudgha.
             Slain by a phantom (5 damage)
             ... on level 4 of the Dungeon.
             The game lasted 00:08:16 (1096 turns).

KennySheep the Sneak (Vampire Delver)               Turns: 1096, Time: 00:08:16

Health: -1/29      AC:  3    Str: 11    XL:     3   Next: 75%
Magic:  3/3        EV: 12    Int: 14    God:    Kikubaaqudgha [*.....]
Gold:   69         SH:  0    Dex: 15    Spells: 1/2 levels left

rFire   . . .      SeeInvis +    a - +0 short sword
rCold   . . .      Faith    .    (no shield)
rNeg    . . .      Spirit   .    b - +0 leather armour
rPois   .          Reflect  .    (no helmet)
rElec   .          Harm     .    (no cloak)
rCorr   .          Rampage  .    (no gloves)
Will    .....                    (no boots)
Stlth   ++++......               (no amulet)
HPRegen 0.44/turn                (no ring)
MPRegen 0.08/turn                (no ring)

@: healing quickly
A: alive, fangs 3, see invisible, vampiric 2
a: Exsanguinate, Renounce Religion, Unearth Wretches


You were on level 4 of the Dungeon.
You worshipped Kikubaaqudgha.
Kikubaaqudgha was aware of your devotion.
You visited 2 branches of the dungeon, and saw 6 of its levels.

You collected 69 gold pieces.

Inventory:

Hand Weapons
 a - a +0 short sword (weapon)
Armour
 b - a +0 leather armour (worn)
Wands
 g - a wand of digging (3)
Scrolls
 c - a scroll of fog
 e - a scroll of fear
 h - 2 scrolls of teleportation {unknown}
 i - 3 scrolls of identify {unknown}
 k - a scroll of torment {unknown}
Potions
 d - a potion of flight {unknown}
 f - a potion of cancellation {unknown}
 j - a potion of curing
 l - a potion of attraction {unknown}
 m - a potion of heal wounds {unknown}
 n - a potion of mutation {unknown}


   Skills:
 + Level 3.1 Fighting
 + Level 3.0 Short Blades
 + Level 3.0 Dodging
 + Level 7.8 Stealth


You had one spell level left.
You knew the following spells:

 Your Spells              Type           Power      Damage    Failure   Level
a - Necrotise             Necr           0%         1d4       36%         1

Your spell library contained the following spells:

 Spells                   Type           Power      Damage    Failure   Level
 Kiss of Death            Conj/Necr      0%         2d5       36%         1
 Cigotuvi's Dreadful Rot  Necr/Pois/Air  0%         N/A       50%         2
 Anguish                  Hex/Necr       0%         N/A       98%         4


Dungeon Overview and Level Annotations

Branches:
Dungeon (5/15)             Temple (1/1) D:5

Altars:
Ashenzari
Cheibriados
Dithmenos
Fedhas
Gozag
Hepliaklqana
Kikubaaqudgha
Okawaru
Ru
Sif Muna
Uskayaw
Vehumet
Xom


Innate Abilities, Weirdness & Mutations

Your natural rate of healing is accelerated.
You have razor-sharp teeth.
You have supernaturally acute eyesight. (SInv)
You are afflicted with vampirism and can become a bat while bloodless.


Message History

The phantom is heavily damaged.
The phantom barely misses you.
You barely miss the phantom.
The phantom is heavily damaged.
The phantom completely misses you.
You hit the phantom but do no damage.
The phantom is heavily damaged.
The phantom hits you.
The phantom blinks!
You blink.
You hit the phantom. You punch the phantom.
The phantom is heavily damaged.
The phantom hits you!
The phantom blinks!
You blink.
You hit the phantom.
The phantom is heavily damaged.
The phantom closely misses you.
You hit the phantom but do no damage.
The phantom is heavily damaged.
The phantom misses you.
You hit the phantom. Your bite misses the phantom.
The phantom is severely damaged.
You closely miss the phantom.
The phantom is severely damaged.
The phantom hits you but does no damage.
You closely miss the phantom.
The phantom is severely damaged.
The phantom hits you.
* * * LOW HITPOINT WARNING * * *
You miss the phantom.
The phantom is severely damaged.
The phantom hits you.
* * * LOW HITPOINT WARNING * * *
The phantom blinks!
You blink.
Okay, then.
Okay, then.
You can't see any enemies this would affect, really read the scroll of fear?
Okay, then.
Okay, then.
The phantom attacks as you move away! The phantom closely misses you.
The phantom attacks as you move away! The phantom hits you.
You die...
Kikubaaqudgha rasps: "You have failed me!
Welcome... death!"

...# #.# #### #.# #.#
##.#######* #.........*
#..####.##* #.....#,*
########...#.#,*
#....@W......#,* ******
#.######..##.#,* ,,,,,*
#.....<#.....#,* ,,,,,*
***#########.####,*
,,,,,****,,,,,,****#..,,,,*
,,,,,,,,,,*******,*##.#****
,,,,,,,,,,******,,,**.#
,,,,,,,,,,**,,,,,,,,*.#
,,,,,,,,,,**,**,,,,,*,*


You could see a phantom.

Vanquished Creatures
  An adder (D:2)
  A worm (D:3)
  2 dart slugs
  2 giant cockroaches (D:1)
  2 goblins (D:1)
  3 hobgoblins
  10 jackals (D:1)
  A quokka (D:3)
  5 bats
  A frilled lizard (D:1)
  6 kobolds (D:1)
  5 rats
39 creatures vanquished.

Vanquished Creatures (others)
  2 fungi (D:3)
2 creatures vanquished.

Grand Total: 41 creatures vanquished

Notes
Turn   | Place    | Note
-------+----------+-------------------------------------------
     0 | D:5      | KennySheep the Vampire Delver began the quest for the Orb.
     0 | D:5      | Reached XP level 1. HP: 17/17 MP: 1/1
     1 | D:5      | Found a staircase to the Ecumenical Temple.
    12 | Temple   | Entered the Ecumenical Temple
   175 | Temple   | Became a worshipper of Kikubaaqudgha
   229 | D:5      | Found a radiant altar of Vehumet.
   354 | D:4      | Noticed a phantom
   423 | D:5      | Noticed a scorpion
   503 | D:3      | Reached XP level 2. HP: 23/23 MP: 2/2
   714 | D:1      | Gained mutation: You are afflicted with vampirism and can
                  | become a bat while bloodless. [Vampire growth]
   714 | D:1      | Reached XP level 3. HP: 28/29 MP: 3/3
   733 | D:1      | Reached * piety under Kikubaaqudgha
   733 | D:1      | Received a gift from Kikubaaqudgha
   766 | D:1      | Learned a level 1 spell: Necrotise
   828 | D:1      | Found a faded altar of an unknown god.
  1044 | D:3      | Found a blossoming altar of Fedhas.
  1096 | D:4      | Slain by a phantom

Illustrated notes

Levels and vault maps discovered:
D:1:      dpeg_arrival_windows_large_door, layout_rooms,
          dreamdust_ecumenical_altar_angels_and_demons, dk_noncrumbling_4,
          nicolae_titane
D:2:      layout_loops_cross, nicolae_elevator_lobby_asterisk, uniq_natasha,
          uniq_crazy_yiuf_cottage
D:3:      layout_rooms, fedhas_altar_3, zin_academy
D:4:      layout_basic, moated_statue, roderic_batcave,
          kennysheep_generic_room_8
D:5:      kennysheep_slugbush, layout_cave_pools,
          nicolae_overflow_hidden_temple, minmay_temple_entry_tees,
          minmay_misc_feat_secret_circle, uniq_eustachio, uniq_blork_the_orc
Temple:   hellmonk_temple_forest_ring

Skill      XL: |  1  2  3 |
---------------+----------+-----
Fighting       | 3 |  3.1
Short Blades   | 3 |  3.0
Dodging        | 3 |  3.0
Stealth        | |  7.8

Action                   || total
-------------------------++-------
Melee: Short sword       ||   152
       Bite              ||    12
       Punch             ||     3
  Use: Potion            ||     2
       Scroll            ||     1
 Stab: Sleeping          ||     8
Armor: Leather armour    ||    34
Dodge: Dodged            ||    89

Table legend: (Time is in decaauts)
 A = Elapsed time spent in this place.
 B = Non-inter-level travel time spent in this place.
 C = Inter-level travel time spent in this place.
 D = Time resting spent in this place.
 E = Time spent auto-exploring this place.
 F = Levels seen in this place.
 G = Mean time per level.
                   A        B        C        D        E       F      G
               +--------+--------+--------+--------+--------+-----+--------+
         Total |   1062 |    913 |    149 |     81 |    368 |   6 |  177.0 |
       Dungeon |    888 |    768 |    120 |     81 |    239 |   5 |  177.6 |
        Temple |    174 |    145 |     29 |      0 |    129 |   1 |  174.0 |
               +--------+--------+--------+--------+--------+-----+--------+

Top non-repeatable levels by time:
     D:1: 377 daAuts
  Temple: 174 daAuts
     D:5: 154 daAuts
     D:4: 154 daAuts
     D:3: 145 daAuts
     D:2: 56 daAuts
